 Dungeon Crawl Stone Soup version 0.28.0-49-g6dfe1f597d (webtiles) character file.

Game seed: 11732918358595947070

18839 klau3 the Severer (level 12, -14/112 HPs)
             Began as a Minotaur Berserker on May 17, 2022.
             Was a Priest of Trog.
             Demolished by a white ugly thing (27 damage)
             ... on level 11 of the Dungeon on May 18, 2022.
             The game lasted 00:46:26 (19469 turns).

klau3 the Severer (Minotaur Berserker)             Turns: 19469, Time: 00:46:27

Health: -14/112    AC: 21    Str: 24 (26) XL:     12   Next: 31%
Magic:  0/11       EV:  8    Int:  1 (4)  God:    Trog [***...]
Gold:   655        SH:  0    Dex:  9 (11) Spells: 11/11 levels left

rFire   . . .      SeeInvis .   H - +5 battleaxe
rCold   . . .      Faith    .   (shield currently unavailable)
rNeg    . . .      Spirit   +   J - +1 plate armour
rPois   +          Reflect  .   x - +0 hat
rElec   .          Harm     .   (no cloak)
rCorr   .          Rampage  .   (no gloves)
Will    .....                   (no boots)
Stlth   ..........              k - amulet of guardian spirit
HPRegen 0.28/turn               D - +4 ring of protection
MPRegen 0.12/turn               a - ring of poison resistance

@: no status effects
A: horns 2, retaliatory headbutt
a: Renounce Religion, Berserk, Trog's Hand


You were on level 11 of the Dungeon.
You worshipped Trog.
Trog was most pleased with you.
You visited 1 branch of the dungeon, and saw 12 of its levels.
You visited the Abyss 1 time.
You also visited: Bailey.

You collected 655 gold pieces.

Inventory:

Hand Weapons
 i - a +1 vampiric spear
 p - a +2 shortbow of flaming
 F - a +4 battleaxe
 H - a +5 battleaxe (weapon)
 V - a +2 halberd of draining
 Y - a +0 longbow
Missiles
 b - 21 poisoned darts
 d - 3 throwing nets
 G - 9 curare-tipped darts (quivered)
 L - 233 arrows
 N - 13 boomerangs
Armour
 c - a +0 buckler
 x - a +0 hat (worn)
 J - a +1 plate armour (worn)
Jewellery
 a - a ring of poison resistance (right hand)
 g - the amulet "Nash" {Reflect rPois rF+ Str+4 SH+5}
   (You found it on level 10 of the Dungeon)

   [amulet of reflection]

   It reflects blocked missile attacks.
   Str:       It affects your strength (+4).
   rF:        It protects you from fire.
   rPois:     It protects you from poison.
   SH:        It affects your SH (+5).
 j - a ring of resist corrosion
 k - an amulet of guardian spirit (around neck)
 v - a +6 ring of intelligence
 B - a ring of protection from fire
 D - a +4 ring of protection (left hand)
 Z - an amulet of magic regeneration
Wands
 u - a wand of digging (6)
 A - a wand of flame (35)
 M - a wand of paralysis (12)
 O - a wand of iceblast (2)
 W - a wand of polymorph (14)
Scrolls
 h - a scroll of magic mapping {unknown}
 l - a scroll of amnesia {unknown}
 n - a scroll of noise {unknown}
 q - a scroll of summoning {unknown}
 r - 3 scrolls of blinking
 s - a scroll of immolation
 t - a scroll of identify
 y - 5 scrolls of fear
 I - 2 scrolls of vulnerability
Potions
 e - 3 potions of heal wounds
 f - 2 potions of curing
 m - 2 potions of attraction {unknown}
 o - a potion of flight {unknown}
 w - 2 potions of magic {unknown}
 K - a potion of ambrosia
 Q - 3 potions of mutation {unknown}
 R - a potion of haste {unknown}
 S - a potion of cancellation {unknown}
 T - a potion of invisibility {unknown}
 U - 3 potions of might
 X - 2 potions of lignification {unknown}


   Skills:
 + Level 11.9 Fighting
 + Level 16.5 Axes
 + Level 1.5 Bows
 + Level 1.1 Throwing
 + Level 13.4 Armour
 + Level 3.9 Dodging
 + Level 1.0 Stealth
 + Level 0.5 Evocations


You had 11 spell levels left.
You didn't know any spells.
Your spell library was empty.

Dungeon Overview and Level Annotations

Branches:
Dungeon (12/15)            Temple (0/1) D:5            Lair (0/6) D:8
    Orc (0/2) D:11         Bailey (visited)

Altars:
Trog
Uskayaw


Innate Abilities, Weirdness & Mutations

You have a pair of horns on your head.
You reflexively headbutt those who attack you in melee.


Message History

Found a flail.
You see here a book of Debilitation.
Found 15 gold pieces.
L - 233 arrows (gained 17)
Found a quarterstaff.
b - 21 poisoned darts (gained 2)
You see here a +0 flail.
Found two stone staircases leading down.
A white ugly thing comes into view.
The white ugly thing gurgles horribly!
You see here 15 gold pieces.
Found a silvery potion.
A wraith and a two-headed ogre come into view.
The two-headed ogre shouts in stereo!
The white ugly thing engulfs you but does no damage.
You see here 15 gold pieces.
The white ugly thing engulfs you but does no damage.
There is a stone staircase leading up here.
The white ugly thing engulfs you. The white ugly thing freezes you!!
You climb upwards.
There is a stone staircase leading down here.
You slash the white ugly thing!
Your headbutt misses the white ugly thing.
The white ugly thing is lightly wounded.
You slash the white ugly thing!
The white ugly thing is moderately wounded.
The white ugly thing engulfs you but does no damage.
You slash the white ugly thing!
The white ugly thing is heavily wounded.
The white ugly thing engulfs you. The white ugly thing freezes you!!
You slash the white ugly thing! You headbutt the white ugly thing!
The white ugly thing is severely wounded.
The white ugly thing engulfs you. The white ugly thing freezes you!!
* * * LOW HITPOINT WARNING * * *
You slash the white ugly thing! You headbutt the white ugly thing.
The white ugly thing is almost dead.
The white ugly thing engulfs you!
* * * LOW HITPOINT WARNING * * *
The white ugly thing freezes you!!
You die...

....##### ############
≈≈≈.....######..........#######
≈≈≈..........#.....[.<........#
≈≈≈..........#....[[).[..####.#
≈≈≈.........)#....)....[.####.###
..................###+#..[)......
≈≈≈...........≈#......#..####.###
≈≈≈...........##.u.####..........
≈≈≈.............@..........##.###
≈≈≈...........##.#...............
≈≈≈..............#..####......###
(........♣.....................##
........♣.♣♣.........#.#....####
............................#
...............#+#.....#....#
...............#.#..........#
....................#..#.#..#####


You could see a white ugly thing.

Vanquished Creatures
  Erolcha (D:11)
  A rakshasa (Abyss:1)
  A boulder beetle (D:11)
  A centaur warrior (D:12)
  2 two-headed ogres
  2 large abominations (Abyss:1)
  An orc knight (Bailey)
  An ugly thing (D:11)
  2 cyclopes (D:11)
  2 manticores
  A worldbinder (Abyss:1)
  2 gargoyles (D:11)
  A centaur zombie (D:11)
  2 kobold demonologists
  Psyche (D:11)
  2 ancient zymes (Abyss:1)
  5 trolls
  A raiju (Abyss:1)
  4 slime creatures (D:12)
  A blink frog (Abyss:1)
  27 yaks
  2 wyverns
  A water elemental (D:11)
  3 steam dragons
  A vampire mosquito (D:11)
  Duvessa (D:5)
  2 acid dragons
  5 water moccasins
  5 black bears
  6 orc warriors
  3 sky beasts
  2 necrophages
  An ice beast (D:6)
  2 ogres
  A phantom (D:6)
  6 centaurs
  4 kobold brigands
  3 bullfrogs (D:8)
  5 gnoll sergeants
  2 small abominations (Abyss:1)
  Dowan (D:5)
  A water moccasin skeleton (D:4)
  A killer bee (D:11)
  5 wights
  An electric eel (D:11)
  A bullfrog zombie (D:6)
  2 jellies
  A gnoll shaman (D:8)
  3 orc priests
  An iguana (D:6)
  8 orc wizards
  A killer bee zombie (D:8)
  3 howler monkey zombies
  29 gnolls
  2 adders
  A shadow imp (D:7)
  2 ufetubi (D:6)
  7 dart slugs
  40 orcs
  8 endoplasms
  4 giant cockroaches
  8 goblins
  11 hobgoblins
  7 jackals
  4 quokkas
  12 ball pythons
  3 bats
  2 frilled lizards (D:1)
  22 kobolds
  6 rats
313 creatures vanquished.

Vanquished Creatures (others)
  38 fungi (D:8)
  41 plants
79 creatures vanquished.

Grand Total: 392 creatures vanquished

Notes
Turn   | Place    | Note
-------+----------+-------------------------------------------
     0 | D:1      | klau3 the Minotaur Berserker began the quest for the Orb.
     0 | D:1      | Reached XP level 1. HP: 19/19 MP: 0/0
   319 | D:1      | Reached XP level 2. HP: 6/27 MP: 1/1
   688 | D:1      | Reached skill level 4 in Axes
   976 | D:1      | Found a faded altar of an unknown god.
  1002 | D:1      | Reached XP level 3. HP: 26/33 MP: 2/2
  1739 | D:2      | Reached ** piety under Trog
  2373 | D:2      | Reached XP level 4. HP: 41/41 MP: 3/3
  2523 | D:2      | Found a hide-covered altar of Uskayaw.
  3662 | D:4      | Reached skill level 5 in Fighting
  3662 | D:4      | Reached skill level 5 in Axes
  3672 | D:4      | Reached XP level 5. HP: 40/48 MP: 4/4
  4165 | D:4      | Found a bloodstained altar of Trog.
  4499 | D:5      | Entered Level 5 of the Dungeon
  4547 | D:5      | Noticed a necrophage
  4554 | D:5      | Killed a necrophage
  4555 | D:5      | Reached skill level 6 in Axes
  4555 | D:5      | Reached XP level 6. HP: 56/56 MP: 5/5
  4780 | D:5      | Noticed a yak
  4780 | D:5      | Noticed a yak
  4781 | D:5      | Noticed Dowan
  4781 | D:5      | Noticed a yak
  4786 | D:5      | Noticed Duvessa
  4789 | D:5      | Killed a yak
  4790 | D:5      | Reached skill level 7 in Axes
  4790 | D:5      | Killed a yak
  4791 | D:5      | Reached XP level 7. HP: 62/62 MP: 6/6
  4793 | D:5      | Killed a yak
  4794 | D:5      | Reached skill level 8 in Axes
  4794 | D:5      | Reached skill level 5 in Armour
  4796 | D:5      | Killed Duvessa
  4807 | D:5      | Killed Dowan
  5224 | D:5      | Found a staircase to the Ecumenical Temple.
  5324 | D:5      | Reached XP level 8. HP: 67/71 MP: 7/7
  5564 | D:6      | Reached skill level 9 in Axes
  6586 | D:6      | Reached *** piety under Trog
  6743 | D:6      | Reached skill level 10 in Axes
  6952 | D:7      | HP: 3/97 [wight/+5 battleaxe (3)]
  6952 | D:7      | HP: 1/96 [wight/+5 battleaxe (2)]
  7466 | D:7      | Reached XP level 9. HP: 47/79 MP: 8/8
  8925 | D:8      | Reached skill level 11 in Axes
  8960 | D:8      | Reached skill level 12 in Axes
  9185 | D:8      | Found a staircase to the Lair.
  9368 | D:8      | Found a flagged portal.
  9384 | Bailey   | Entered a bailey
  9617 | Bailey   | Noticed an orc knight
  9631 | Bailey   | Reached XP level 10. HP: 40/79 MP: 9/9
  9643 | Bailey   | Killed an orc knight
  9646 | Bailey   | Reached skill level 10 in Armour
 11130 | D:9      | Noticed a two-headed ogre
 11710 | D:8      | Reached skill level 13 in Axes
 11752 | D:8      | Killed a two-headed ogre
 13257 | D:10     | Entered Level 10 of the Dungeon
 13840 | D:10     | Identified the amulet "Nash" {Reflect rPois rF+ Str+4 SH+5}
 14042 | D:10     | Reached XP level 11. HP: 67/99 MP: 10/10
 14069 | D:10     | Reached skill level 1 in Bows
 14438 | D:10     | Noticed a two-headed ogre
 14442 | D:10     | Killed a two-headed ogre
 14507 | D:10     | Reached skill level 14 in Axes
 14507 | D:10     | Reached **** piety under Trog
 14508 | D:10     | Reached skill level 10 in Fighting
 14689 | D:11     | Identified the +2 leather armour of the Histrionic Cicada
                  | {rPois Stlth+}
 15170 | D:11     | Noticed Erolcha
 15176 | D:11     | Killed Erolcha
 15176 | D:11     | Noticed a cyan ugly thing
 15182 | D:11     | Killed a cyan ugly thing
 15183 | D:11     | Reached skill level 15 in Axes
 15211 | D:11     | Reached skill level 1 in Throwing
 15512 | D:11     | Noticed Psyche
 15515 | D:11     | Killed Psyche
 15608 | D:11     | You fall into a shaft and drop 1 floor!
 15930 | D:11     | Noticed Sonja
 15939 | D:11     | Cast into level 1 of the Abyss (Sonja)
 16082 | Abyss:1  | Noticed a rakshasa
 16095 | Abyss:1  | Killed a rakshasa
 16126 | Abyss:1  | Noticed a large abomination
 16132 | Abyss:1  | Killed a large abomination
 16335 | D:11     | Escaped the Abyss
 16343 | D:11     | Noticed Sonja
 16343 | D:11     | Sonja changed into Sonja the ball python
 16345 | D:11     | Killed Sonja the ball python
 16819 | D:11     | Noticed a boulder beetle
 16850 | D:11     | Killed a boulder beetle
 16851 | D:11     | Reached XP level 12. HP: 40/110 MP: 8/11
 16981 | D:11     | Reached skill level 16 in Axes
 17308 | D:11     | Found a staircase to the Orcish Mines.
 18437 | D:11     | Identified the +4 dagger of Coit Nischaepp {flame, rElec
                  | rCorr MP+9 Dex-4}
 18511 | D:12     | Noticed a centaur warrior
 19298 | D:12     | Killed a centaur warrior
 19299 | D:12     | Reached skill level 1 in Stealth
 19451 | D:12     | Noticed a two-headed ogre
 19469 | D:11     | Demolished by a white ugly thing

Illustrated notes

Levels and vault maps discovered:
D:1:      amcnicky_arrival_blooded_trapdoor, layout_loops_ring,
          shapermc_ecumenical_altar_acropolis
D:2:      layout_loops_cross, basic_altar
D:3:      layout_loops_corners
D:4:      layout_basic, lightli_temple_of_fire, st_stairs_13
D:5:      nicolae_BIG_FREAKIN_CUBE, layout_basic, minmay_temple_entry_wispy,
          uniq_duvessa
D:6:      layout_loops_corners
D:7:      layout_rooms
D:8:      layout_layer_cave, due_lair_maze_entry_diamond, enter_bailey_5,
          chequers_avenue
D:9:      layout_cave_pools
D:10:     layout_small_grid, minivault_4
D:11:     wad_river_or_something, layout_basic,
          kennysheep_orc_monster_closet_entryway, minivault_14, chequers_garden,
          uniq_erolcha, uniq_psyche, uniq_sonja
D:12:     layout_cave_pools, minivault_22

Skill      XL: |  1  2  3  4  5  6  7  8  9 10 11 12 |
---------------+-------------------------------------+-----
Axes           | 4 5 6 7 8 10 12 13 15 16 | 16.5
Fighting       | 4 5 6 7 8 9 11 | 11.9
Armour         | 3 4 5 7 9 12 13 | 13.4
Dodging        | 3 |  3.9
Bows           | 1 |  1.5
Throwing       | 1 |  1.1
Stealth        | 1 |  1.0
Evocations     | |  0.5

Action                   |  1- 3 |  4- 6 |  7- 9 | 10-12 || total
-------------------------+-------+-------+-------+-------++-------
Melee: Hand axe          |   115 |     3 |       |       ||   118
       Headbutt          |    18 |     8 |    31 |    76 ||   133
       War axe           |       |    75 |    92 |       ||   167
       Punch             |       |     3 |       |       ||     3
       Battleaxe         |       |       |   122 |   336 ||   458
 Fire: Longbow           |       |       |       |     4 ||     4
       Shortbow          |       |       |       |     2 ||     2
Throw: Throwing net      |       |       |       |     2 ||     2
       Dart              |       |       |       |     6 ||     6
Invok: Berserk           |       |     3 |     7 |    16 ||    26
       Trog's Hand       |       |       |     1 |     8 ||     9
Evoke: Wand              |       |       |       |     2 ||     2
  Use: Scroll            |       |       |       |    11 ||    11
       Potion            |       |       |       |     7 ||     7
Armor: Animal skin       |    12 |       |       |       ||    12
       Chain mail        |     3 |    48 |    62 |       ||   113
       Plate armour      |       |       |    91 |   272 ||   363
Dodge: Dodged            |    78 |    35 |   106 |   195 ||   414
